 Dungeon Crawl Stone Soup version 0.31-a0-233-g139696dc86 (webtiles) character file.

Game seed: 436449341715741498

36 Iniera the Sneak (level 3, -1/31 HPs)
             Began as a Hill Orc Brigand on July 9, 2023.
             Slain by an adder (3 damage)
             ... on level 2 of the Dungeon on July 10, 2023.
             The game lasted 00:01:39 (784 turns).

Iniera the Sneak (Hill Orc Brigand)                  Turns: 784, Time: 00:01:40

Health: -1/31      AC:  3    Str: 13    XL:     3   Next: 37%
Magic:  3/3        EV: 12    Int: 11    God:
Gold:   57         SH:  0    Dex: 14    Spells: 2/2 levels left

rFire   . . .        e - +0 scimitar
rCold   . . .        (no shield)
rNeg    . . .        b - +0 robe
rPois   .            (no helmet)
rElec   .            c - +0 cloak
rCorr   .            (no gloves)
SInv    .            (no boots)
Will    .....        (no amulet)
Stlth   ++           (no ring)
HPRegen 0.25/turn    (no ring)
MPRegen 0.08/turn

%: no passive effects
@: lethally poisoned (-1 -> -4)
A: no striking features
a: no special abilities


You were on level 2 of the Dungeon.
You visited 1 branch of the dungeon, and saw 2 of its levels.

You collected 57 gold pieces.

Inventory:

Hand Weapons
 e - a +0 scimitar (weapon)
Missiles
 d - 9 poisoned darts (quivered)
 z - 3 curare-tipped darts
Armour
 b - a +0 robe (worn)
 c - a +0 cloak (worn)
Scrolls
 a - a scroll of brand weapon {unknown}
 g - a scroll of noise {unknown}
Potions
 f - a potion of brilliance {unknown}


   Skills:
 + Level 3.0 Fighting
 - Level 2.0(2.3) Short Blades
 * Level 2.0(2.4) Long Blades
 - Level 2.0 Throwing
 + Level 0.1 Armour
 + Level 1.3 Dodging
 - Level 3.2 Stealth


You had 2 spell levels left.
You didn't know any spells.
Your spell library was empty.

Dungeon Overview and Level Annotations

Branches:
Dungeon (2/15)

Altars:

Shops:
D:2 [


Message History

You are too injured to fight recklessly!
You are too injured to fight recklessly!
You are too injured to fight recklessly!
You are too injured to fight recklessly!
You are too injured to fight recklessly!
You slash the kobold!
You kill the kobold!
The adder bites you but does no damage.
Your Long Blades skill increases to level 2!
You miss the adder. The adder bites you.
You closely miss the adder. The adder bites you. The adder barely misses you.
You closely miss the adder. The adder bites you. x2
You closely miss the adder. The adder closely misses you.
You hit the adder.
The adder is lightly wounded.
The adder closely misses you. The adder completely misses you.
You hit the adder.
The adder is heavily wounded.
The adder bites you. The adder misses you.
An adder is nearby!
You closely miss the adder.
The adder is heavily wounded.
The adder bites you.
You are poisoned.
The adder poisons you!
You hit the adder.
The adder is almost dead.
You feel sick. The adder barely misses you. The adder bites you.
* * * LOW HITPOINT WARNING * * *
You are lethally poisoned!
The adder poisons you!
You barely miss the adder.
The adder is almost dead.
* * * LOW HITPOINT WARNING * * *
You feel sick. The adder barely misses you. The adder closely misses you.
You barely miss the adder.
The adder is almost dead.
* * * LOW HITPOINT WARNING * * *
You feel sick. The adder bites you.
You die...

#.## ####.#
###.####....#
...#....####
#.#.####
#...#####..
##..........
###...###..#..
###.....# ##
#..@#.###
#...##S.#
....# #..##
.## #.## ..
... .#.# ....
.....


You could see an adder.

Vanquished Creatures
  2 endoplasms
  3 giant cockroaches (D:1)
  4 goblins (D:1)
  A hobgoblin (D:1)
  2 jackals (D:1)
  5 kobolds
  2 quokkas (D:1)
  5 ball pythons (D:1)
  4 frilled lizards
  5 rats (D:1)
33 creatures vanquished.

Notes
Turn   | Place    | Note
-------+----------+-------------------------------------------
     0 | D:1      | Iniera the Hill Orc Brigand began the quest for the Orb.
     0 | D:1      | Reached XP level 1. HP: 18/18 MP: 1/1
    95 | D:1      | Found a faded altar of an unknown god.
   106 | D:1      | Reached skill level 1 in Dodging
   145 | D:1      | Reached XP level 2. HP: 25/25 MP: 2/2
   169 | D:1      | Reached skill level 1 in Long Blades
   343 | D:1      | Reached XP level 3. HP: 28/30 MP: 3/3
   712 | D:2      | Found Jitha's Armour Shoppe.
   784 | D:2      | Slain by an adder

Illustrated notes

Levels and vault maps discovered:
D:1:      dpeg_arrival_shelter, layout_basic, basic_ecumenical_altar,
          solitary_fountain, minmay_ruptured
D:2:      layout_rooms, serial_shops, nicolae_shop_statue_plus, shop, shop,
          nicolae_shop_tiny_waterfront, shop

Skill      XL: |  1  2  3 |
---------------+----------+-----
Dodging        | 1 |  1.3
Long Blades    | 1 2 |  2.0
Throwing       | 2 |  2.0
Fighting       | 3 |  3.0
Short Blades   | |  2.0
Armour         | |  0.1
Stealth        | |  3.2

Action                     || total
---------------------------++-------
  Melee: Scimitar          ||    91
         Dagger            ||     3
   Stab: Sleeping          ||     3
 Armour: Robe              ||    25
  Dodge: Dodged            ||    74

Table legend: (Time is in decaauts)
 A = Elapsed time spent in this place.
 B = Non-inter-level travel time spent in this place.
 C = Inter-level travel time spent in this place.
 D = Time resting spent in this place.
 E = Time spent auto-exploring this place.
 F = Levels seen in this place.
 G = Mean time per level.
                   A        B        C        D        E       F      G
               +--------+--------+--------+--------+--------+-----+--------+
         Total |    810 |    793 |     17 |      0 |    558 |   2 |  405.0 |
       Dungeon |    810 |    793 |     17 |      0 |    558 |   2 |  405.0 |
               +--------+--------+--------+--------+--------+-----+--------+

Top non-repeatable levels by time:
     D:1: 733 daAuts
     D:2: 76 daAuts
